 Dungeon Crawl Stone Soup version 0.28-a0-390-gb254ac4902 (webtiles) character file.

Game seed: 2780395980089020491

724690 bearlyready the Phalangite (level 27, -13/246 HPs)
             Began as a Gnoll Cinder Acolyte on Sept 2, 2021.
             Was a High Priest of Ignis.
             Mangled by a golden dragon (16 damage)
             ... on level 1 of the Realm of Zot on Sept 3, 2021.
             The game lasted 03:19:24 (72224 turns).

bearlyready the Phalangite (Gnoll Cinder Acolyte)  Turns: 72224, Time: 03:19:25

Health: -13/246    AC: 42    Str: 31    XL:     27
Magic:  41/41      EV: 15    Int: 20    God:    Ignis [*****.]
Gold:   5741       SH: 27    Dex: 18    Spells: 30/64 levels left

rFire   + + .      SeeInvis +   a - +9 eveningstar (vorpal)
rCold   + + .      Faith    .   K - +0 tower shield
rNeg    + . .      Spirit   .   r - +10 gold dragon scales
rPois   +          Reflect  +   j - +0 helmet of Conscience {rElec Will+++ Int-4 Stlth+}
rElec   +          Harm     .   C - +2 cloak
rCorr   +          Rampage  .   L - +0 pair of gloves "Goas Yst" {rC+ Regen+}
Will    +++++                   e - +1 pair of boots
Stlth   ..........              N - amulet of Atippudo {Reflect Fly Will+ Dex+4 SH+5}
HPRegen 1.51/turn               n - ring of Mirefiuk {rElec Will+++ Str+6 Int+3 SInv Stlth-}
MPRegen 0.27/turn               z - ring "Feadenob" {rN+ rCorr Int+6 Dex+6 Stlth-}

@: about to teleport, flying, studying 3 skills
A: fangs 1, strong nose, distributed training, low mp 1, sense surroundings 1,
robust 1
}: 5/15 runes: barnacled, slimy, silver, abyssal, gossamer
a: Renounce Religion, Sea of Fire, Foxfire Swarm, Rising Flame


You were on level 1 of the Realm of Zot.
You worshipped Ignis.
Ignis was extremely pleased with you.
You visited 11 branches of the dungeon, and saw 53 of its levels.
You visited the Abyss 4 times.
You also visited: Sewer, Gauntlet and Ice Cave.

You collected 11578 gold pieces.
You spent 5837 gold pieces at shops.

Inventory:

Hand Weapons
 a - a +9 vorpal eveningstar (weapon)
 b - the +7 sceptre of Torment {pain, torment}
   (You found it on level 3 of the Crypt)

   In the hands of one skilled in necromantic magic, it inflicts extra damage on
   living creatures.
   It occasionally torments all nearby living foes when it strikes in combat.
Missiles
 c - 9 throwing nets
 s - 52 boomerangs
 B - 18 javelins (quivered)
 F - 7 silver boomerangs
 P - 47 silver javelins
Armour
 e - a +1 pair of boots (worn)
 j - the +0 helmet of Conscience (worn) {rElec Will+++ Int-4 Stlth+}
   (You found it on level 3 of the Elven Halls)

   Int:       It affects your intelligence (-4).
   rElec:     It insulates you from electricity.
   Will:      It greatly increases your willpower.
   Stlth:     It makes you more stealthy.
 r - +10 gold dragon scales (worn)
 C - a +2 cloak (worn)
 K - a +0 tower shield (worn)
 L - the +0 pair of gloves "Goas Yst" (worn) {rC+ Regen+}
   (You found it in a Gauntlet)

   rC:        It protects you from cold.
   Regen:     It increases your rate of health regeneration.
Jewellery
 n - the ring of Mirefiuk (left hand) {rElec Will+++ Str+6 Int+3 SInv Stlth-}
   (You bought it in a shop on level 2 of the Elven Halls)

   [ring of strength]

   Str:       It affects your strength (+6).
   Int:       It affects your intelligence (+3).
   rElec:     It insulates you from electricity.
   SInv:      It lets you see invisible.
   Will:      It greatly increases your willpower.
   Stlth:     It makes you less stealthy.
 q - the ring of the Establishment {+Blink Fly rC+ rN+ Dex-2}
   (You found it on level 5 of the Vaults)

   [ring of positive energy]

   Dex:       It affects your dexterity (-2).
   rC:        It protects you from cold.
   rN:        It protects you from negative energy.
   Fly:       It grants you flight.
   +Blink:    It lets you blink.
 z - the ring "Feadenob" (right hand) {rN+ rCorr Int+6 Dex+6 Stlth-}
   (You found it on level 5 of the Lair of Beasts)

   [ring of intelligence]

   Int:       It affects your intelligence (+6).
   Dex:       It affects your dexterity (+6).
   rN:        It protects you from negative energy.
   rCorr:     It protects you from acid and corrosion.
   Stlth:     It makes you less stealthy.
 N - the amulet of Atippudo (around neck) {Reflect Fly Will+ Dex+4 SH+5}
   (You found it on level 3 of the Crypt)

   [amulet of reflection]

   It reflects blocked missile attacks.
   Dex:       It affects your dexterity (+4).
   Fly:       It grants you flight.
   SH:        It affects your SH (+5).
   Will:      It increases your willpower.
 O - the amulet of Joigoave {Faith rF+ MP+9 Str+2}
   (You took it off a deep elf death mage on level 3 of the Elven Halls)

   [amulet of faith]

   It allows you to gain divine favour quickly.
   Str:       It affects your strength (+2).
   rF:        It protects you from fire.
   MP:        It affects your magic capacity (+9).
 Q - a ring of protection from fire
 Y - the ring of Compassion {rC+ EV+4 Str+4}
   (You found it in a Gauntlet)

   [ring of evasion]

   EV:        It affects your evasion (+4).
   Str:       It affects your strength (+4).
   rC:        It protects you from cold.
Wands
 g - a wand of iceblast (45)
 m - a wand of flame (37)
 y - a wand of polymorph (43)
 M - a wand of charming (1)
 T - a wand of paralysis (43)
 W - a wand of mindburst (91)
 Z - a wand of digging (5)
Scrolls
 i - 7 scrolls of magic mapping
 k - 9 scrolls of fog
 t - a scroll of blinking
 u - 11 scrolls of teleportation
 D - a scroll of holy word
 S - 5 scrolls of fear
 U - 4 scrolls of silence
Potions
 d - 6 potions of invisibility
 f - 7 potions of heal wounds
 h - 15 potions of ambrosia
 o - 8 potions of resistance
 p - 18 potions of lignification
 v - a potion of might
 w - 3 potions of cancellation
 A - 17 potions of curing
 E - 7 potions of berserk rage
 H - 13 potions of brilliance
 I - 4 potions of mutation
 J - 8 potions of haste
 X - 5 potions of flight
Miscellaneous
 l - a box of beasts (inert)
 x - a phantom mirror (inert)
 G - a tin of tremorstones (inert)
 R - a lightning rod (4/4)
 V - a condenser vane (inert)


   Skills:
 + Level 19.9 Fighting
 + Level 22.3 Short Blades
 + Level 19.9 Long Blades
 + Level 19.1 Axes
 + Level 19.1 Maces & Flails
 + Level 22.3 Polearms
 + Level 19.1 Staves
 + Level 19.1 Slings
 + Level 19.1 Bows
 + Level 19.1 Crossbows
 + Level 19.1 Throwing
 + Level 19.1 Armour
 + Level 19.1 Dodging
 + Level 19.1 Stealth
 + Level 19.1 Shields
 + Level 19.1 Unarmed Combat
 + Level 19.3 Spellcasting
 + Level 16.5 Conjurations
 + Level 16.5 Hexes
 + Level 16.5 Summonings
 + Level 16.5 Necromancy
 + Level 16.5 Translocations
 + Level 16.5 Transmutations
 + Level 17.2 Fire Magic
 + Level 21.1 Ice Magic
 + Level 16.5 Air Magic
 + Level 16.5 Earth Magic
 + Level 16.5 Poison Magic
 + Level 20.5 Invocations
 + Level 19.1 Evocations


You had 30 spell levels left.
You knew the following spells:

 Your Spells              Type           Power      Damage    Failure   Level
a - Scorch                Fire           100%       2d10      1%          2
b - Animate Skeleton      Necr           100%       N/A       1%          1
c - Manifold Assault      Tloc           71%        N/A       1%          5
d - Olgreb's Toxic Radia  Pois           71%        N/A       1%          4
e - Ignite Poison         Fire/Tmut/Pois 72%        N/A       1%          3
f - Borgnjor's Vile Clut  Necr/Erth      35%        N/A       1%          5
g - Summon Mana Viper     Hex/Summ       71%        N/A       1%          5
h - Swiftness             Air            71%        N/A       1%          3
i - Statue Form           Tmut/Erth      47%        N/A       10%         6

Your spell library contained the following spells:

 Spells                   Type           Power      Damage    Failure   Level
 Corona                   Hex            78%        N/A       1%          1
 Magic Dart               Conj           100%       1d8       1%          1
 Pain                     Necr           100%       1d9       1%          1
 Sandblast                Erth           100%       2d20      1%          1
 Sting                    Tmut/Pois      100%       1d8       1%          1
 Blink                    Tloc           N/A        N/A       1%          2
 Call Imp                 Summ           71%        N/A       1%          2
 Corpse Rot               Necr/Air       N/A        N/A       1%          2
 Ensorcelled Hibernation  Hex/Ice        100%       N/A       1%          2
 Passwall                 Tmut/Erth      59%        N/A       1%          2
 Poisonous Vapours        Pois/Air       100%       N/A       1%          2
 Static Discharge         Conj/Air       71%        N/A       1%          2
 Conjure Flame            Conj/Fire      72%        6-21      1%          3
 Dazzling Flash           Conj/Hex       100%       N/A       1%          3
 Gell's Gravitas          Tloc           35%        N/A       1%          3
 Inner Flame              Hex/Fire       72%        N/A       1%          3
 Lesser Beckoning         Tloc           71%        N/A       1%          3
 Mephitic Cloud           Conj/Pois/Air  71%        N/A       1%          3
 Ozocubu's Armour         Ice            81%        N/A       1%          3
 Portal Projectile        Hex/Tloc       100%       N/A       1%          3
 Stone Arrow              Conj/Erth      100%       3d13      1%          3
 Summon Guardian Golem    Hex/Summ       71%        N/A       1%          3
 Teleport Other           Tloc           71%        N/A       1%          3
 Tukima's Dance           Hex            71%        N/A       1%          3
 Vampiric Draining        Necr           35%        2d11      1%          3
 Animate Armour           Summ/Erth      100%       N/A       1%          4
 Cause Fear               Hex            35%        N/A       1%          4
 Dispel Undead            Necr           71%        3d24      1%          4
 Flame Wave               Conj/Fire      72%        3d12      1%          4
 Fulminant Prism          Conj/Hex       35%        3d18      1%          4
 Hailstorm                Conj/Ice       76%        3d16      1%          4
 Ice Form                 Ice/Tmut       76%        N/A       1%          4
 Iskenderun's Mystic Bla  Conj/Tloc      71%        2d14      1%          4
 Petrify                  Tmut/Erth      71%        N/A       1%          4
 Sticky Flame             Conj/Fire      72%        2d9       1%          4
 Agony                    Necr           71%        N/A       1%          5
 Alistair's Intoxication  Tmut/Pois      47%        N/A       1%          5
 Blade Hands              Tmut           35%        N/A       1%          5
 Bolt of Magma            Conj/Fire/Erth 36%        4d16      1%          5
 Excruciating Wounds      Necr           35%        N/A       1%          5
 Fireball                 Conj/Fire      36%        3d15      1%          5
 Freezing Cloud           Conj/Ice/Air   37%        6-21      1%          5
 Irradiate                Conj/Tmut      35%        3d25      1%          5
 Lee's Rapid Deconstruct  Erth           35%        3d19*     1%          5
 Lightning Bolt           Conj/Air       35%        1d53      1%          5
 Silence                  Hex/Air        35%        N/A       1%          5
 Yara's Violent Unravell  Hex/Tmut       35%        3d14      1%          5
 Simulacrum               Ice/Necr       38%        N/A       3%          6
 Starburst                Conj/Fire      36%        6d11      9%          6
 Ozocubu's Refrigeration  Ice            40%        4d13      9%          7
 Dispersal                Tloc           35%        N/A       10%         6
 Eringya's Noxious Bog    Tmut/Pois      35%        N/A       10%         6
 Invisibility             Hex            35%        N/A       10%         6
 Summon Cactus Giant      Summ           35%        N/A       10%         6
 Haunt                    Necr/Summ      35%        N/A       50%         7
 Orb of Destruction       Conj           35%        9d13      50%         7
 Spellforged Servitor     Conj/Summ      35%        N/A       50%         7
 Storm Form               Tmut/Air       35%        N/A       50%         7
 Ignition                 Fire           36%        3d11      97%         8
 Lehudib's Crystal Spear  Conj/Erth      35%        10d9      99%         8
 Maxwell's Capacitive Co  Air            35%        ∞         99%         8
 Necromutation            Tmut/Necr      35%        N/A       99%         8
 Chain Lightning          Conj/Air       35%        3d47      100%        9
 Fire Storm               Conj/Fire      36%        8d9       100%        9
 Polar Vortex             Ice            40%        N/A       100%        9
 Shatter                  Erth           35%        3d28*     100%        9


Dungeon Overview and Level Annotations

Branches:
Dungeon (15/15)            Temple (0/1) D:5            Lair (6/6) D:9
 Shoals (4/4) Lair:2       Spider (4/4) Lair:2        Slime (5/5) Lair:6
    Orc (2/2) D:12            Elf (3/3) Orc:2        Vaults (5/5) D:14
  Crypt (3/3) Vaults:3       Tomb (0/3) Crypt:3      Depths (5/5) D:15
    Zot (1/5) Depths:5      Sewer (visited)           IceCv (visited)
Gauntlet (visited)

Altars:
Ashenzari
Dithmenos
Fedhas
Gozag
Hepliaklqana
Kikubaaqudgha
Makhleb
Okawaru
Qazlal
Ru
Trog
Uskayaw
Vehumet
Wu Jian
Xom
The Shining One
Beogh
Jiyva
Lugonu

Shops:
D:2 [   D:6 !   D:7 *   D:8 !   D:10 *   Orc:2 =[?*   Elf:2 [==:   Elf:3 *
Shoals:2 (   Shoals:4 (   Vaults:1 [   Vaults:3 (   Vaults:4 ![[*   Depths:4 [

Portals:
Hell: Depths:1 Depths:2 Depths:3 Depths:4 Depths:5
Abyss: D:14 Lair:6 Depths:1 Depths:2 Depths:4 Depths:5
Pandemonium: Depths:3
Ziggurat: Depths:5

Annotations:
Spider:3 Mara
Elf:2 3 runed translucent doors
Depths:3 1 exclusion


Innate Abilities, Weirdness & Mutations

You have very sharp teeth.
Your uncanny sense of smell can sniff out nearby items.
Your experience applies equally to all skills.
Your magical capacity is low. (-10% MP)
You passively map a small area around you.
You are robust. (+10% HP)


Message History

* * * LOW HITPOINT WARNING * * *
The tentacled monstrosity moves out of view.
You block the black draconian's attack.
The black draconian hits you but does no damage.
The black draconian monk breathes lightning at you.
The bolt of lightning misses you. You block the golden dragon's attack.
The golden dragon claws you.
* * * LOW HITPOINT WARNING * * *
You block the golden dragon's attack.
A red draconian shifter comes into view.
It is wielding a +0 short sword.
The purple draconian breathes dispelling energy at you.
The bolt of dispelling energy hits you!
* * * LOW HITPOINT WARNING * * *
The black draconian hits you but does no damage.
The black draconian rages.
You block the golden dragon's attack. x2; The golden dragon tramples you.
* * * LOW HITPOINT WARNING * * *
You are shoved backwards!
Things that are here:
a +0 scimitar; a moth of wrath corpse; a white draconian corpse The golden dragon rages.
Okay, then.
Okay, then.
Aiming: Charm
Press: ? - help, Shift-Dir - straight line, f/p - red draconian
Aim: a red draconian, wielding a +0 dire flail (moderately wounded, slow, chance to affect: 69%)
Okay, then.
As you read the scroll of teleportation, it crumbles to dust.
You feel strangely unstable.
You feel the Orb delaying your translocation!
The golden dragon bites you!
* * * LOW HITPOINT WARNING * * *
You block the golden dragon's attack.
The golden dragon tramples you but does no damage.
The red draconian shifter mumbles some strange words.
The red draconian shifter blinks!
You block the black draconian's attack. The golden dragon bites you!!
* * * LOW HITPOINT WARNING * * *
You block the golden dragon's attack. The golden dragon tramples you!
You die...

#################
##.......X#..○...##
##.......@D∩d.q....##
##.......##)dd)......##
##........#####).)....$##
##..§.......y.((...q)....##
##...§..).|#####.†..§....○.##
##....q).....# ######.q.....#
##.....○.☼....####.............#
#.......○$......................
#..?.[○°.d...............#..[....


You could see a tentacled monstrosity, a black draconian monk, a golden dragon
(berserk), a black draconian (berserk), a purple draconian, a red draconian
(slow) and a red draconian shifter.

Vanquished Creatures
  the Royal Jelly (Slime:5)
  3 dread liches
  An ancient lich (Vaults:4)
  A juggernaut (Depths:3)
  Mennas (Vaults:5)
  Frederick (Vaults:2)
  Bai Suzhen (Spider:3)
  Boris (Crypt:2)
  Saint Roka (Depths:4)
  6 golden dragons
  Nikola (Depths:2)
  4 bone dragons
  Arachne (Spider:3)
  A Tzitzimitl (Crypt:1)
  3 tentacled monstrosities (Vaults:5)
  Rupert (Spider:1)
  5 titans
  7 liches
  A deep elf blademaster (Elf:3)
  Asterion (Spider:1)
  4 quicksilver dragons
  21 acid blobs
  The ghost of louisi3 the Sharpshooter, an adept GnWn of Ashenzari (Shoals:4)
  2 deep elf master archers (Elf:3)
  11 tentacled starspawn
  A kraken (Shoals:3)
  3 sphinxes
  2 death cobs
  6 storm dragons
  Frances (Shoals:1)
  4 ancient champions
  Kirke (Lair:5)
  The ghost of Powis the Thaumaturge, an adept GnIE of Cheibriados (D:15)
  The ghost of mitch45678 the Severer, an adept HODe of Okawaru (Spider:2)
  6 tengu reavers
  A storm dragon (shapeshifter) (Vaults:4)
  7 shadow dragons
  4 draconian monks (Depths:5)
  The ghost of Dittersdorf the Warrior, an adept GrFi of Okawaru (Orc:2)
  A revenant (Crypt:3)
  15 azure jellies
  4 nagarajas (Depths:1)
  Roxanne (D:15)
  3 draconian knights (Depths:5)
  10 rockslimes
  6 iron dragons
  13 frost giants
  A daeva (Abyss:4)
  17 vault wardens
  9 deep elf sorcerers
  12 fire giants
  Aizul (Spider:1)
  2 draconian scorchers (Depths:5)
  A juggernaut zombie (Crypt:3)
  2 ghost moths (Spider:4)
  8 emperor scorpions
  2 orc warlords
  A balrug (Depths:2)
  Louise (Spider:3)
  2 cacodemons (Abyss:1)
  2 deep elf elementalists (Elf:3)
  8 ghouls
  A spectral juggernaut (D:15)
  8 quicksilver oozes
  A spriggan defender (Depths:2)
  25 ironbound preservers
  A curse skull (Crypt:3)
  An angel (Abyss:1)
  34 very ugly things
  3 draconian annihilators (Depths:5)
  2 juggernaut skeletons (Depths:4)
  A caustic shrike skeleton (Depths:5)
  2 draconian stormcallers
  9 war gargoyles
  9 green draconians
  7 vampire knights
  8 deep elf demonologists
  2 reapers
  22 stone giants
  The ghost of Gaergho the Fighter, a journeyman DrAK of Lugonu (Lair:5)
  11 deep elf annihilators
  The ghost of Cionis the Devastator, a journeyman DEAE of Vehumet (Orc:1)
  A putrid mouth (Crypt:1)
  The ghost of Pesafeac the Covert, a journeyman OpCj of Vehumet (D:14)
  9 black draconians
  5 yellow draconians
  2 spectral hellephants (Crypt:1)
  10 purple draconians
  7 white draconians
  4 dire elephants
  2 lorocyprocas
  3 entropy weavers
  11 red draconians
  A minotaur (Gauntlet)
  2 eidola
  7 merfolk javelineers
  9 spark wasps
  7 deep elf death magi
  25 ettins
  4 crystal guardians
  A mummy priest (Crypt:3)
  10 merfolk impalers
  11 ice dragons
  14 jiangshi
  A hell beast (Depths:2)
  11 hydras
  13 fire dragons
  6 deep elf high priests
  14 yaktaur captains
  A quicksilver dragon zombie (Abyss:4)
  9 ironbound thunderhulks
  14 great orbs of eyes
  6 rakshasas
  A quicksilver dragon skeleton (Abyss:3)
  6 peacekeepers
  4 spriggan air magi
  42 vault guards
  7 boulder beetles
  3 catoblepae
  10 naga warriors
  9 ogre magi
  3 merfolk aquamancers
  5 ironbound frosthearts
  7 deep troll shamans
  2 death knights
  3 merfolk avatars
  A satyr (Shoals:3)
  3 alligator snapping turtles
  14 centaur warriors
  29 two-headed ogres
  3 anacondas (Depths:1)
  5 vampire magi
  Erica (Lair:2)
  5 dancing weapons
  2 spectral elves (Crypt:1)
  2 titan zombies
  6 tengu warriors
  2 hell hogs (Depths:5)
  12 deep troll earth magi
  An ironbound beastmaster (Vaults:3)
  9 spriggan berserkers
  A two-headed ogre (shapeshifter) (D:14)
  15 death yaks
  19 deep elf knights
  7 iron trolls
  A storm dragon zombie (Depths:1)
  6 hell knights (Depths:5)
  An orc high priest (Orc:1)
  10 thrashing horrors
  A shadow wraith (Crypt:1)
  3 sun demons
  2 soul eaters
  4 wretched stars
  2 sixfirhies
  46 skeletal warriors
  58 deep trolls
  A death drake (Depths:5)
  A titan skeleton (Crypt:3)
  A sea snake (shapeshifter) (Lair:6)
  2 quicksilver dragon simulacra
  A flayed ghost (Depths:2)
  5 spatial maelstroms
  20 sea snakes
  A storm dragon skeleton (Crypt:3)
  A golden dragon skeleton (Depths:1)
  A tengu zombie (Depths:1)
  4 glowing orange brains
  A golden dragon zombie (Depths:1)
  2 bog bodies
  8 wizards
  9 phantasmal warriors
  2 lindwurms (Depths:1)
  13 deep elf archers
  21 ironbound convokers
  Pikel (D:6)
  13 orb spiders
  31 deep elf pyromancers
  25 deep elf zephyrmancers
  24 harpies
  7 necromancers
  A sphinx zombie (Crypt:1)
  8 orc knights
  12 cyclopes
  35 ugly things
  3 shining eyes
  A stone giant zombie (D:15)
  32 wolf spiders
  A salamander (shapeshifter) (D:14)
  A shadow dragon skeleton (Depths:4)
  8 fauns
  2 orc sorcerers
  14 manticores
  An iron dragon skeleton (Crypt:1)
  3 worldbinders
  A stone giant skeleton (Crypt:3)
  A moth of wrath (shapeshifter) (D:14)
  9 moths of wrath
  2 naga zombies (Crypt:3)
  2 salamanders
  9 fire giant skeletons (Crypt:3)
  A rust devil (D:10)
  2 spriggan zombies
  A dire elephant zombie (Crypt:3)
  6 elephants (Lair:6)
  15 vault sentinels
  A black mamba (shapeshifter) (Vaults:1)
  A shock serpent zombie (Crypt:2)
  8 water nymphs
  2 ice statues (IceCv)
  8 merfolk sirens
  A black mamba (Depths:1)
  6 guardian serpents
  15 cane toads
  7 naga magi (Depths:1)
  2 apocalypse crabs
  A spectral sea snake (Shoals:4)
  13 smoke demons
  A naga skeleton (Crypt:3)
  2 orange demons
  9 gargoyles
  2 kobold demonologists
  3 rime drakes
  An elf skeleton (Depths:4)
  A death yak zombie (Crypt:1)
  2 hellions
  33 yaktaurs
  3 efreet
  A minotaur zombie (Crypt:1)
  13 komodo dragons
  A spark wasp simulacrum (Depths:4)
  An entropy weaver simulacrum (IceCv)
  3 unseen horrors
  6 ice devils
  2 anaconda simulacra (IceCv)
  10 freezing wraiths
  A hellwing (Crypt:2)
  3 guardian mummies (Crypt:1)
  A tormentor (Abyss:4)
  A spectral water nymph (Shoals:4)
  10 ancient zymes
  9 demonic crawlers
  3 tengu conjurers
  9 meliai
  2 harpy zombies (Crypt:3)
  3 trolls
  A meliai (shapeshifter) (Abyss:4)
  A queen bee (D:13)
  46 jumping spiders
  17 merfolk
  A polar bear (Lair:2)
  An iron troll skeleton (Crypt:2)
  A tyrant leech (Gauntlet)
  5 wind drakes
  A hornet (Spider:2)
  A hydra skeleton (Crypt:3)
  12 snapping turtles
  17 raiju
  A satyr zombie (Crypt:1)
  A slime creature (shapeshifter) (Vaults:5)
  87 slime creatures
  10 dream sheep
  20 blink frogs
  An ettin zombie (Crypt:3)
  A frost giant simulacrum (D:15)
  2 spectral wind drakes (Shoals:4)
  Sigmund (D:5)
  3 air elementals
  87 redbacks
  7 fire dragon skeletons (Crypt:3)
  3 spriggan skeletons
  2 spriggans (Lair:6)
  4 shadows (Crypt:3)
  A ynoxinul (Gauntlet)
  33 yaks
  10 flying skulls
  35 tarantellas
  A wyvern (Lair:3)
  An ettin skeleton (Crypt:3)
  24 water elementals
  6 vampires
  3 fire elementals
  13 wraiths
  Eustachio (D:4)
  5 dire elephant simulacra (IceCv)
  A human (D:14)
  5 basilisks
  3 hogs (Lair:5)
  23 golden eyes
  24 large abominations
  An elf zombie (Depths:4)
  2 chaos spawn
  4 neqoxecs
  3 vampire mosquitoes
  7 spatial vortices
  8 wargs
  2 harpy simulacra (IceCv)
  A water nymph zombie (Crypt:2)
  2 acid dragons (D:14)
  4 swamp worms (Gauntlet)
  23 water moccasins
  3 human skeletons
  A floating eye (Depths:3)
  2 black bears
  25 orc warriors
  3 sky beasts
  25 starcursed masses
  2 ettin simulacra
  32 ogres
  3 necrophages
  8 centaurs
  A wind drake simulacrum (Shoals:4)
  12 boggarts
  A snapping turtle skeleton (Crypt:1)
  10 wolves
  A hog zombie (Crypt:2)
  A phantom (D:7)
  A hog skeleton (Crypt:1)
  5 kobold brigands
  An earth elemental (Elf:1)
  A fire crab zombie (Crypt:2)
  A gnoll sergeant (D:6)
  13 bullfrogs
  A yaktaur skeleton (Crypt:1)
  2 merfolk simulacra (Shoals:4)
  2 water nymph simulacra (Shoals:4)
  A wyvern zombie (D:7)
  20 small abominations
  A glowing shapeshifter simulacrum (D:15)
  A raiju zombie (Crypt:2)
  A water moccasin skeleton (D:6)
  26 killer bees
  5 electric eels
  11 wights
  4 howler monkeys
  A crimson imp (Abyss:1)
  2 hounds
  2 quasits
  2 centaur zombies
  A bullfrog zombie (D:6)
  4 jellies
  A bullfrog skeleton (D:6)
  A gnoll shaman (D:7)
  12 orc priests
  3 iron imps
  A black bear zombie (Crypt:1)
  2 iguanas
  3 human zombies (Crypt:1)
  17 orc wizards
  7 hell rats (Lair:6)
  Natasha (thrice) (D:4)
  4 spriggan simulacra
  A troll simulacrum (IceCv)
  2 wolf simulacra (IceCv)
  2 killer bee zombies (D:8)
  A felid skeleton (Crypt:2)
  2 mummies (Crypt:1)
  3 hound skeletons
  21 gnolls
  4 adders
  A shadow imp (D:6)
  3 white imps
  An ufetubus (Abyss:1)
  2 adder zombies
  2 adder skeletons
  A worm (D:5)
  A dart slug (shapeshifter) (Vaults:5)
  2 dart slugs (D:1)
  49 orcs
  4 endoplasms
  10 giant cockroaches
  A gnoll zombie (Crypt:2)
  7 goblins
  9 hobgoblins
  32 kobolds
  3 quokkas
  3 training dummies (Shoals:4)
  7 ball pythons
  12 bats
  6 frilled lizards
  A giant cockroach zombie (Crypt:2)
  6 rats
  2 lurking horrors
  6 starspawn tentacles
2632 creatures vanquished.

Vanquished Creatures (collateral kills)
  A doom hound (Crypt:1)
  A deep elf blademaster (Elf:3)
  A storm dragon (Depths:5)
  A tengu reaver (Vaults:5)
  Donald (Spider:4)
  A shadow dragon (Depths:5)
  A vault warden (Vaults:1)
  A draconian shifter (Zot:1)
  A draconian annihilator (Zot:1)
  A war gargoyle (Vaults:4)
  An ironbound preserver (Vaults:1)
  A very ugly thing (Vaults:5)
  A stone giant (Vaults:5)
  A deep troll earth mage (Vaults:4)
  A sea snake (Shoals:1)
  2 spatial maelstroms (Abyss:4)
  2 deep trolls (Vaults:4)
  2 orb spiders (Spider:4)
  A wolf spider (Spider:4)
  A freezing wraith (Vaults:5)
  5 jumping spiders (Spider:4)
  A redback (Spider:4)
  A tarantella (Spider:4)
  A spatial vortex (Abyss:4)
  A killer bee (D:7)
  3 orcs (D:9)
35 creatures vanquished.

Vanquished Creatures (others)
  A golden dragon (Vaults:5)
  A nagaraja (Depths:1)
  A draconian knight (Zot:1)
  A draconian annihilator (Depths:5)
  An ice dragon (Depths:2)
  A death yak (Lair:5)
  A hell hog (Abyss:1)
  An ironbound beastmaster (Vaults:1)
  A harpy (Shoals:1)
  2 deep elf zephyrmancers
  2 deep elf pyromancers
  An ugly thing (Depths:5)
  A manticore (Shoals:2)
  A hornet (D:9)
  A redback (Spider:2)
  3 humans (Lair:5)
  An ogre (Vaults:5)
  A killer bee (D:8)
  An orc wizard (D:8)
  24 fungi
  A lurking horror (Abyss:2)
  100 plants
  41 starspawn tentacles
  12 tentacles (Shoals:3)
  6 withered plants (Crypt:3)
207 creatures vanquished.

Grand Total: 2874 creatures vanquished

Notes
Turn   | Place    | Note
-------+----------+-------------------------------------------
     0 | D:1      | bearlyready the Gnoll Cinder Acolyte began the quest for
                  | the Orb.
     0 | D:1      | Reached XP level 1. HP: 23/23 MP: 4/4
   285 | D:1      | Reached XP level 2. HP: 29/29 MP: 5/5
  1213 | D:1      | You fall into a shaft and drop 1 floor!
  1218 | D:2      | Reached XP level 3. HP: 33/35 MP: 7/7
  1588 | D:2      | Found a faded altar of an unknown god.
  1765 | D:2      | Reached skill level 1 in Invocations
  2058 | D:2      | Reached skill level 1 in Short Blades
  2058 | D:2      | Reached skill level 1 in Axes
  2058 | D:2      | Reached skill level 1 in Maces & Flails
  2058 | D:2      | Reached skill level 1 in Polearms
  2058 | D:2      | Reached skill level 1 in Staves
  2058 | D:2      | Reached skill level 1 in Slings
  2058 | D:2      | Reached skill level 1 in Bows
  2058 | D:2      | Reached skill level 1 in Crossbows
  2058 | D:2      | Reached skill level 1 in Throwing
  2058 | D:2      | Reached skill level 1 in Armour
  2058 | D:2      | Reached skill level 1 in Dodging
  2058 | D:2      | Reached skill level 1 in Stealth
  2058 | D:2      | Reached skill level 1 in Shields
  2058 | D:2      | Reached skill level 1 in Unarmed Combat
  2058 | D:2      | Reached skill level 1 in Evocations
  2062 | D:2      | Reached XP level 4. HP: 40/41 MP: 8/8
  2067 | D:2      | Found Irhyrome's Antique Armour Shoppe.
  2430 | D:3      | Reached skill level 1 in Conjurations
  2430 | D:3      | Reached skill level 1 in Hexes
  2430 | D:3      | Reached skill level 1 in Summonings
  2430 | D:3      | Reached skill level 1 in Necromancy
  2430 | D:3      | Reached skill level 1 in Translocations
  2430 | D:3      | Reached skill level 1 in Transmutations
  2430 | D:3      | Reached skill level 1 in Ice Magic
  2430 | D:3      | Reached skill level 1 in Air Magic
  2430 | D:3      | Reached skill level 1 in Earth Magic
  2430 | D:3      | Reached skill level 1 in Poison Magic
  2631 | D:3      | Found an opulent altar of Gozag.
  2663 | D:3      | Reached XP level 5. HP: 47/47 MP: 9/9
  2786 | D:3      | Found a shimmering altar of Xom.
  3327 | D:4      | Noticed an ogre
  3332 | D:4      | Noticed Natasha
  3431 | D:3      | Killed an ogre
  3432 | D:3      | Reached XP level 6. HP: 42/53 MP: 9/11
  3474 | D:4      | Killed Natasha
  3583 | D:4      | Noticed Natasha
  3589 | D:4      | Found a blossoming altar of Fedhas.
  3594 | D:4      | Noticed Eustachio
  3598 | D:4      | Killed Natasha
  3691 | D:4      | Killed Eustachio
  3692 | D:4      | Reached XP level 7. HP: 56/59 MP: 12/12
  3856 | D:4      | Noticed Natasha
  3865 | D:4      | Killed Natasha
  3977 | D:5      | Entered Level 5 of the Dungeon
  3994 | D:5      | Found a staircase to the Ecumenical Temple.
  4174 | D:5      | Found a glowing drain.
  4205 | Sewer    | Entered a sewer
  4523 | D:5      | Reached XP level 8. HP: 67/67 MP: 14/14
  4552 | D:5      | Noticed Sigmund
  4556 | D:5      | Killed Sigmund
  4612 | D:5      | Found a glowing golden altar of the Shining One.
  4899 | D:5      | Found a shadowy altar of Dithmenos.
  4929 | D:5      | Found a stormy altar of Qazlal.
  5339 | D:6      | Noticed a two-headed ogre
  5368 | D:6      | Killed a two-headed ogre
  5369 | D:6      | Reached skill level 5 in Spellcasting
  5369 | D:6      | Reached XP level 9. HP: 24/74 MP: 14/16
  5566 | D:6      | Identified the +2 rapier "Killer Klown's Death" {vorpal,
                  | rC+ Int-4 SInv}
  5599 | D:6      | Found Fanonuf's Distillery.
  5813 | D:6      | Noticed Pikel
  5829 | D:6      | Killed Pikel
  5830 | D:6      | Reached skill level 5 in Invocations
  5854 | D:6      | Found an ancient bone altar of Kikubaaqudgha.
  6083 | D:6      | Bought a potion of curing for 33 gold pieces
  6083 | D:6      | Bought a potion of haste for 110 gold pieces
  6083 | D:6      | Bought a potion of curing for 33 gold pieces
  6083 | D:6      | Bought a potion of curing for 33 gold pieces
  6083 | D:6      | Bought a potion of degeneration for 11 gold pieces
  6328 | D:7      | Reached XP level 10. HP: 71/80 MP: 18/18
  6354 | D:7      | Found Xipseth's General Store.
  6415 | D:7      | Found a broken altar of Ashenzari.
  6430 | D:7      | Found a sacrificial altar of Ru.
  6436 | D:7      | Identified the +1 spear of the Undead {freeze, *Noise rN+++
                  | Will+ MP+9}
  6742 | D:7      | Reached skill level 5 in Short Blades
  6742 | D:7      | Reached skill level 5 in Axes
  6742 | D:7      | Reached skill level 5 in Maces & Flails
  6742 | D:7      | Reached skill level 5 in Polearms
  6742 | D:7      | Reached skill level 5 in Staves
  6742 | D:7      | Reached skill level 5 in Slings
  6742 | D:7      | Reached skill level 5 in Bows
  6742 | D:7      | Reached skill level 5 in Crossbows
  6742 | D:7      | Reached skill level 5 in Throwing
  6742 | D:7      | Reached skill level 5 in Armour
  6742 | D:7      | Reached skill level 5 in Dodging
  6742 | D:7      | Reached skill level 5 in Stealth
  6742 | D:7      | Reached skill level 5 in Shields
  6742 | D:7      | Reached skill level 5 in Unarmed Combat
  6742 | D:7      | Reached skill level 5 in Evocations
  7334 | D:8      | Noticed a two-headed ogre
  7516 | D:8      | Found Zafoefit's Distillery.
  7568 | D:8      | Bought a potion of heal wounds for 65 gold pieces
  7568 | D:8      | Bought a potion of curing for 39 gold pieces
  7598 | D:8      | Killed a two-headed ogre
  7704 | D:8      | Identified the +3 robe "Caow" {rN++ Will- Regen+ Str+9}
  8016 | D:8      | Found a hazy altar of Hepliaklqana.
  8029 | D:8      | Reached XP level 11. HP: 86/87 MP: 20/20
  8190 | D:9      | Noticed a death yak
  8197 | D:9      | Noticed a death yak
  8199 | D:9      | Noticed a death yak
  8232 | D:8      | Killed a death yak
  8383 | D:9      | Reached skill level 5 in Conjurations
  8383 | D:9      | Reached skill level 5 in Hexes
  8383 | D:9      | Reached skill level 5 in Summonings
  8383 | D:9      | Reached skill level 5 in Necromancy
  8383 | D:9      | Reached skill level 5 in Translocations
  8383 | D:9      | Reached skill level 5 in Transmutations
  8383 | D:9      | Reached skill level 5 in Ice Magic
  8383 | D:9      | Reached skill level 5 in Air Magic
  8383 | D:9      | Reached skill level 5 in Earth Magic
  8383 | D:9      | Reached skill level 5 in Poison Magic
  8643 | D:9      | Found a staircase to the Lair.
  8680 | D:9      | Noticed a death yak
  8680 | D:9      | Noticed a death yak
  8684 | D:9      | Noticed a death yak
  8762 | D:8      | Killed a death yak
  9151 | D:10     | Entered Level 10 of the Dungeon
  9253 | D:10     | Noticed a two-headed ogre
  9264 | D:10     | Killed a two-headed ogre
  9375 | D:10     | Found an ornate altar of the Wu Jian Council.
  9375 | D:10     | Noticed a two-headed ogre
  9387 | D:10     | Killed a two-headed ogre
  9605 | D:10     | Found Othreguli's General Store.
  9613 | D:10     | Bought a scroll of teleportation for 36 gold pieces
  9711 | D:10     | Found a burning altar of Makhleb.
  9815 | D:10     | Reached XP level 12. HP: 73/97 MP: 21/23
  9821 | D:10     | Reached skill level 10 in Fighting
  9821 | D:10     | Reached skill level 10 in Long Blades
  9821 | D:10     | Reached XP level 13. HP: 77/103 MP: 23/25
 12205 | D:12     | Reached XP level 14. HP: 105/111 MP: 26/26
 12267 | D:12     | Found a frozen archway.
 12334 | IceCv    | Entered an ice cave
 15535 | D:12     | Found a staircase to the Orcish Mines.
 15834 | D:12     | Identified the +3 dagger of Trial by Ordeal {flame, rC+
                  | Will+}
 15925 | D:12     | Found a runed translucent door.
 15926 | D:12     | Found a runed translucent door.
 18761 | Lair:1   | Entered Level 1 of the Lair of Beasts
 18777 | Lair:1   | Reached skill level 10 in Invocations
 19348 | Lair:1   | You fall into a shaft and drop 1 floor!
 19411 | Lair:2   | Found a hole to the Spider Nest.
 19709 | Lair:2   | Noticed Erica
 19720 | Lair:2   | Found a gate leading to a gauntlet.
 19727 | Lair:2   | Killed Erica
 19749 | Gauntlet | Entered a Gauntlet
 19749 | Gauntlet | Found a transporter.
 19749 | Gauntlet | Found a transporter.
 19857 | Gauntlet | Found a transporter.
 19857 | Gauntlet | Found a transporter.
 19868 | Gauntlet | Found a transporter.
 19877 | Gauntlet | Found a transporter.
 19885 | Gauntlet | Found a transporter.
 19885 | Gauntlet | Found a transporter.
 19889 | Gauntlet | Found a transporter.
 19916 | Gauntlet | Found a transporter.
 19923 | Gauntlet | Found a transporter.
 19941 | Gauntlet | Found a transporter.
 19980 | Gauntlet | Found a transporter.
 20000 | Gauntlet | Found a transporter.
 20097 | Gauntlet | Found a transporter.
 20124 | Gauntlet | Learned a level 2 spell: Scorch
 20126 | Gauntlet | Learned a level 1 spell: Animate Skeleton
 20196 | Gauntlet | Reached XP level 15. HP: 97/119 MP: 28/28
 20222 | Gauntlet | Identified the +1 helmet of the Carpenter {Rampage rElec
                  | Will- SInv}
 20517 | Gauntlet | Identified the +0 pair of gloves "Goas Yst" {rC+ Regen+}
 20597 | Gauntlet | Identified the ring of Compassion {rC+ EV+4 Str+4}
 21399 | Lair:2   | Found a staircase to the Shoals.
 21784 | Lair:3   | Reached skill level 10 in Spellcasting
 22271 | Lair:4   | Identified a scroll of acquirement
 22272 | Lair:4   | Acquired 916 gold pieces
 22989 | Lair:5   | Found a runed translucent gate.
 22989 | Lair:5   | Found a runed translucent gate.
 22989 | Lair:5   | Found a runed translucent gate.
 22990 | Lair:5   | Noticed Gaergho's ghost (journeyman DrAK)
 22991 | Lair:5   | Found a viscous altar of Jiyva.
 22992 | Lair:5   | Noticed Kirke
 23278 | Lair:5   | Killed Kirke
 23279 | Lair:5   | Reached skill level 10 in Fire Magic
 23439 | Lair:5   | Reached skill level 10 in Short Blades
 23439 | Lair:5   | Reached skill level 10 in Axes
 23439 | Lair:5   | Reached skill level 10 in Maces & Flails
 23439 | Lair:5   | Reached skill level 10 in Polearms
 23439 | Lair:5   | Reached skill level 10 in Staves
 23439 | Lair:5   | Reached skill level 10 in Slings
 23439 | Lair:5   | Reached skill level 10 in Bows
 23439 | Lair:5   | Reached skill level 10 in Crossbows
 23439 | Lair:5   | Reached skill level 10 in Throwing
 23439 | Lair:5   | Reached skill level 10 in Armour
 23439 | Lair:5   | Reached skill level 10 in Dodging
 23439 | Lair:5   | Reached skill level 10 in Stealth
 23439 | Lair:5   | Reached skill level 10 in Shields
 23439 | Lair:5   | Reached skill level 10 in Unarmed Combat
 23439 | Lair:5   | Reached skill level 10 in Evocations
 23914 | Lair:6   | Entered Level 6 of the Lair of Beasts
 24114 | Lair:6   | Found a viscous altar of Jiyva.
 24114 | Lair:6   | Found a staircase to the Slime Pits.
 24975 | Lair:6   | Reached XP level 16. HP: 103/127 MP: 30/30
 25140 | Lair:6   | Found a corrupted altar of Lugonu.
 25140 | Lair:6   | Found a one-way gate to the infinite horrors of the Abyss.
 26064 | Orc:1    | Entered Level 1 of the Orcish Mines
 26435 | D:12     | Acquired 925 gold pieces
 26834 | D:12     | Reached skill level 10 in Ice Magic
 26840 | D:12     | Identified the ring of Mirth {Ice rN+ Will- rCorr}
 26860 | D:12     | Identified the ring of the Unkillable {rC+ rN+ Stlth+}
 26918 | D:12     | Identified the ring of Honumas {rPois rC+}
 26922 | D:12     | Identified the amulet of Ohoy {Reflect rPois rF- rC+ SH+5}
 27522 | D:14     | Noticed a storm dragon
 27523 | D:14     | Found the +3 warlock's mirror {reflect}
 27950 | D:14     | Found a transporter.
 28153 | D:14     | Noticed Pesafeac's ghost (journeyman OpCj)
 28479 | Lair:5   | Cast into level 2 of the Abyss (Gaergho's ghost)
 28506 | Abyss:2  | Reached XP level 17. HP: 135/135 MP: 30/32
 28532 | Abyss:2  | Noticed a bone dragon
 28753 | Abyss:2  | Noticed a lich
 28769 | Abyss:2  | Killed a lich
 29153 | Lair:5   | Escaped the Abyss
 29215 | Lair:5   | Identified the ring "Feadenob" {rN+ rCorr Int+6 Dex+6
                  | Stlth-}
 29619 | Orc:1    | Found a runed translucent door.
 29622 | Orc:1    | Noticed Cionis's ghost (journeyman DEAE)
 29641 | Orc:1    | Killed Cionis's ghost
 29715 | Orc:2    | Entered Level 2 of the Orcish Mines
 29858 | Orc:2    | Paralysed by an orc sorcerer for 6 turns
 30033 | Orc:2    | Noticed Dittersdorf's ghost (adept GrFi)
 30246 | Orc:2    | Found Bucymon's Antique Armour Emporium.
 30246 | Orc:2    | Found Buewkec's Jewellery Boutique.
 30300 | Orc:2    | Found a transporter.
 30325 | Orc:2    | Paralysed by an ogre mage for 3 turns
 30333 | Orc:2    | Found a transporter.
 30346 | Orc:2    | Found a staircase to the Elven Halls.
 30357 | Orc:2    | Found Fiovurer's General Store.
 30358 | Orc:2    | Found Puigron's Magic Scroll Emporium.
 30395 | Orc:2    | Bought a potion of curing for 39 gold pieces
 30395 | Orc:2    | Bought a scroll of teleportation for 39 gold pieces
 30396 | Orc:2    | Bought a scroll of enchant weapon for 112 gold pieces
 30396 | Orc:2    | Bought a scroll of enchant weapon for 112 gold pieces
 30396 | Orc:2    | Bought a scroll of teleportation for 45 gold pieces
 30396 | Orc:2    | Bought a scroll of teleportation for 45 gold pieces
 30396 | Orc:2    | Bought a scroll of enchant armour for 112 gold pieces
 30398 | Orc:2    | Bought an embroidered cloak for 225 gold pieces
 31317 | Shoals:1 | Entered Level 1 of the Shoals
 31317 | Shoals:1 | Noticed Frances
 31336 | Shoals:1 | Killed Frances
 32020 | Shoals:1 | Reached skill level 10 in Conjurations
 32020 | Shoals:1 | Reached skill level 10 in Hexes
 32020 | Shoals:1 | Reached skill level 10 in Summonings
 32020 | Shoals:1 | Reached skill level 10 in Necromancy
 32020 | Shoals:1 | Reached skill level 10 in Translocations
 32020 | Shoals:1 | Reached skill level 10 in Transmutations
 32020 | Shoals:1 | Reached skill level 10 in Air Magic
 32020 | Shoals:1 | Reached skill level 10 in Earth Magic
 32020 | Shoals:1 | Reached skill level 10 in Poison Magic
 32391 | Shoals:1 | Reached XP level 18. HP: 48/143 MP: 34/34
 32651 | Shoals:2 | Found Yclom's Antique Weapon Emporium.
 32682 | Shoals:2 | Bought a fine demon whip for 560 gold pieces
 32682 | Shoals:2 | Identified the +5 demon whip of Xom's Grace {vamp, rElec
                  | rPois Str+3 Dex-2} (You bought it in a shop on level 2 of
                  | the Shoals)
 34139 | Shoals:4 | Entered Level 4 of the Shoals
 34196 | Shoals:4 | Found Caluci Gunaa's Firing Range.
 34209 | Shoals:4 | Bought a throwing net for 60 gold pieces
 34209 | Shoals:4 | Bought a throwing net for 60 gold pieces
 34381 | Spider:1 | Entered Level 1 of the Spider Nest
 34603 | D:2      | Bought an encrusted helmet for 247 gold pieces
 34603 | D:2      | Identified the -5 helmet "Rerra" {Regen+ Str-3 SInv} (You
                  | bought it in a shop on level 2 of the Dungeon)
 34703 | D:7      | Bought the +10 morningstar "Eos" {elec, Halo rElec} for 814
                  | gold pieces
 34703 | D:7      | Found the +10 morningstar "Eos" {elec, Halo rElec}
 34703 | D:7      | Bought a scroll of teleportation for 33 gold pieces
 34703 | D:7      | Bought a potion of haste for 110 gold pieces
 34703 | D:7      | Bought a wand of paralysis (9) for 121 gold pieces
 35272 | Spider:1 | Noticed Rupert
 35275 | Spider:1 | Noticed Aizul
 35282 | Spider:1 | Killed Rupert
 35307 | Spider:1 | Killed Aizul
 35608 | Spider:1 | Noticed Asterion
 35619 | Spider:1 | Killed Asterion
 36373 | Spider:2 | Reached XP level 19. HP: 151/151 MP: 35/35
 36377 | Spider:2 | Paralysed by a hornet for 3 turns
 36600 | Spider:2 | Found a runed translucent gate.
 36601 | Spider:2 | Found a runed translucent gate.
 36602 | Spider:2 | Found a runed translucent gate.
 36604 | Spider:2 | Noticed mitch45678's ghost (adept HODe)
 36636 | Spider:2 | Killed mitch45678's ghost
 36827 | Spider:3 | Noticed Bai Suzhen
 36866 | Spider:3 | Killed Bai Suzhen
 36871 | Spider:3 | Noticed Louise
 36876 | Spider:3 | Noticed Arachne
 37018 | Spider:3 | Killed Louise
 37083 | Spider:3 | Noticed Mara
 37088 | Spider:3 | Noticed bearlyready's illusion
 37313 | Spider:2 | Learned a level 5 spell: Manifold Assault
 37318 | Spider:2 | Learned a level 4 spell: Olgreb's Toxic Radiance
 37322 | Spider:2 | Learned a level 3 spell: Ignite Poison
 37346 | Spider:3 | HP: 7/145 [Arachne (9)]
 37347 | Spider:3 | Killed Arachne
 37600 | Spider:3 | Noticed bearlyready's illusion
 37606 | Spider:4 | Entered Level 4 of the Spider Nest
 37661 | Spider:4 | HP: 1/152 [disintegration (54)]
 37667 | Spider:4 | Noticed Donald
 37675 | Spider:4 | Killed Donald
 37882 | Spider:3 | Noticed bearlyready's illusion
 38654 | Spider:4 | Got a gossamer rune of Zot
 39006 | Shoals:4 | Reached XP level 20. HP: 158/159 MP: 37/37
 39050 | Shoals:4 | Got a barnacled rune of Zot
 39089 | Shoals:4 | Found a runed translucent gate.
 39090 | Shoals:4 | Found a runed translucent gate.
 39091 | Shoals:4 | Found a runed translucent gate.
 39093 | Shoals:4 | Noticed louisi3's ghost (adept GnWn)
 39945 | Shoals:4 | Killed louisi3's ghost
 40238 | D:14     | Found an iron altar of Okawaru.
 40359 | D:14     | Cast into level 2 of the Abyss (a wizard)
 40424 | Abyss:3  | Noticed a bone dragon
 40438 | Abyss:3  | Paralysed by accursed screaming for 1 turns
 40471 | Abyss:3  | Gained mutation: You are weak. (Str -2) [a neqoxec]
 40474 | Abyss:3  | Paralysed by accursed screaming for 1 turns
 40479 | Abyss:3  | Found a corrupted altar of Lugonu.
 40670 | Abyss:3  | Found a corrupted altar of Lugonu.
 40890 | D:14     | Escaped the Abyss
 41060 | D:14     | Acquired 490 gold pieces
 41078 | D:14     | Found a gate to the Vaults.
 41367 | D:14     | Identified the +2 scale mail of Poamy {-Cast rElec rPois
                  | rN++}
 41756 | D:15     | Entered Level 15 of the Dungeon
 41791 | D:15     | Identified the +2 whip of Ruaddi {vorpal, rPois rF++}
 41964 | D:15     | Identified Roxanne's Compendium of Clay
 41964 | D:15     | Noticed Roxanne
 41985 | D:15     | Killed Roxanne
 42039 | D:15     | Found a staircase to the Depths.
 42215 | D:15     | Found a runed translucent gate.
 42215 | D:15     | Found a runed translucent gate.
 42215 | D:15     | Found a runed translucent gate.
 42218 | D:15     | Noticed Powis's ghost (adept GnIE)
 42456 | D:15     | Killed Powis's ghost
 42555 | Vaults:1 | Entered Level 1 of the Vaults
 42667 | Vaults:1 | Found Jeyschoj's Armour Emporium.
 42920 | Vaults:1 | You fall into a shaft and drop 1 floor!
 42935 | Vaults:2 | Noticed Frederick
 42955 | Vaults:2 | Killed Frederick
 42956 | Vaults:2 | Reached XP level 21. HP: 57/167 MP: 38/38
 43121 | Vaults:2 | Reached skill level 15 in Fighting
 43121 | Vaults:2 | Reached skill level 15 in Long Blades
 43345 | Vaults:2 | Identified the +8 plate armour of Brilliance {rElec}
 43659 | Vaults:2 | Reached skill level 15 in Invocations
 44940 | Vaults:1 | Reached skill level 15 in Ice Magic
 45760 | Orc:2    | Killed Dittersdorf's ghost
 45797 | Orc:2    | Bought a scroll of brand weapon for 300 gold pieces
 45833 | Elf:1    | Entered Level 1 of the Elven Halls
 45859 | Elf:1    | Reached XP level 22. HP: 154/175 MP: 40/40
 46240 | Elf:1    | Got the Almanac of Confrontation
 46614 | Elf:1    | Paralysed by an air elemental for 1 turns
 46748 | Elf:2    | Found a radiant altar of Vehumet.
 46914 | Elf:2    | Found a runed translucent gate.
 46925 | Elf:2    | Found a runed translucent gate.
 46925 | Elf:2    | Found a runed translucent gate.
 46969 | Elf:2    | Found Hiczihis's Book Boutique.
 46969 | Elf:2    | Found Zivibar's Jewellery Emporium.
 46970 | Elf:2    | Found Imusy's Jewellery Emporium.
 46976 | Elf:2    | Bought the ring of Mirefiuk {rElec Will+++ Str+6 Int+3 SInv
                  | Stlth-} for 1113 gold pieces
 47137 | Elf:2    | Found Etuo's Antique Armour Boutique.
 47286 | Elf:2    | Found a bloodstained altar of Trog.
 47655 | Elf:3    | Entered Level 3 of the Elven Halls
 47667 | Elf:3    | Found the +8 frozen axe "Frostbite" {freezing cloud, *Noise
                  | Fly rC+}
 47805 | Elf:3    | Paralysed by an air elemental for 1 turns
 48227 | Elf:3    | Found Biniequr's Assorted Antiques.
 48309 | Elf:3    | Reached skill level 15 in Spellcasting
 48378 | Elf:3    | Identified the +11 scythe of Tiob Kogyu {vamp, Str+6}
 48391 | Elf:3    | Identified the +4 flail "Jilamug" {drain, *Noise rF+++}
 48429 | Elf:3    | Identified the +8 halberd of the Iron City of Dis {drain,
                  | Int+2}
 48429 | Elf:3    | Identified the amulet of Joigoave {Faith rF+ MP+9 Str+2}
 48478 | Elf:3    | Found the +10 Black Knight's barding {ponderous, rPois rN+}
 48486 | Elf:3    | Identified the +0 helmet of Conscience {rElec Will+++ Int-4
                  | Stlth+}
 48515 | Elf:3    | Got the Catalogue of Enchantment
 48519 | Elf:3    | Got Gunuj's Handbook of the Compass
 48532 | Elf:3    | Identified the +3 trident of the Foot {flame, Stlth+}
 48544 | Elf:3    | Learned a level 5 spell: Borgnjor's Vile Clutch
 48550 | Elf:3    | Learned a level 5 spell: Summon Mana Viper
 48965 | D:14     | Reached XP level 23. HP: 164/166 MP: 42/42
 49007 | D:14     | Found a transporter.
 49007 | D:14     | Identified the ring of the Thirsty Ships {rF+ rC+ Dex-3
                  | Stlth+}
 49019 | D:14     | Killed Pesafeac's ghost
 49116 | Depths:1 | Entered Level 1 of the Depths
 49183 | Depths:1 | Reached skill level 15 in Short Blades
 49183 | Depths:1 | Reached skill level 15 in Polearms
 49492 | Depths:1 | Reached skill level 15 in Axes
 49492 | Depths:1 | Reached skill level 15 in Maces & Flails
 49492 | Depths:1 | Reached skill level 15 in Staves
 49492 | Depths:1 | Reached skill level 15 in Slings
 49492 | Depths:1 | Reached skill level 15 in Bows
 49492 | Depths:1 | Reached skill level 15 in Crossbows
 49492 | Depths:1 | Reached skill level 15 in Throwing
 49492 | Depths:1 | Reached skill level 15 in Armour
 49492 | Depths:1 | Reached skill level 15 in Dodging
 49492 | Depths:1 | Reached skill level 15 in Stealth
 49492 | Depths:1 | Reached skill level 15 in Shields
 49492 | Depths:1 | Reached skill level 15 in Unarmed Combat
 49492 | Depths:1 | Reached skill level 15 in Evocations
 50012 | Depths:1 | Found a gateway to Hell.
 51209 | Depths:2 | Found a hide-covered altar of Uskayaw.
 51894 | Vaults:3 | Reached XP level 24. HP: 146/193 MP: 42/42
 53110 | Vaults:3 | Identified the +5 arbalest of a ziggurat {venom, rPois
                  | Dex+3}
 53349 | Vaults:3 | Found Umussyd's Weapon Boutique.
 53645 | Vaults:3 | Found a staircase to the Crypt.
 53716 | Vaults:4 | Found Vin Irokh's General Store.
 53727 | Vaults:4 | Bought a scroll of teleportation for 66 gold pieces
 53942 | Vaults:4 | Found Lofevoum's Antique Armour Shop.
 54144 | Vaults:4 | Found Qadaqafa's Distillery.
 54167 | Vaults:4 | Bought a potion of might for 96 gold pieces
 54167 | Vaults:4 | Bought a potion of curing for 72 gold pieces
 54167 | Vaults:4 | Bought a potion of might for 96 gold pieces
 54167 | Vaults:4 | Bought a potion of cancellation for 192 gold pieces
 54167 | Vaults:4 | Bought a potion of mutation for 192 gold pieces
 54335 | Vaults:4 | Found Fukeuck's Antique Armour Shop.
 54364 | Vaults:4 | Bought a translucent plate armour for 616 gold pieces
 54364 | Vaults:4 | Identified the +1 plate armour of Grace {Stlth+} (You
                  | bought it in a shop on level 4 of the Vaults)
 55208 | Vaults:4 | Learned a level 3 spell: Swiftness
 55269 | Crypt:1  | Entered Level 1 of the Crypt
 55488 | Crypt:1  | Reached XP level 25. HP: 134/192 MP: 43/43
 55569 | Crypt:1  | Acquired the +7 triple sword of the Imperium {vorpal, rF+
                  | rC- MP+9 Int+5}
 55790 | Crypt:1  | Noticed a dread lich
 55806 | Crypt:1  | Killed a dread lich
 55819 | Crypt:1  | HP: 7/195 [putrid mouth/foul vapour[a doom hound] (20)]
 57240 | Crypt:2  | Noticed Boris
 57253 | Crypt:2  | Killed Boris
 57430 | Crypt:2  | Cast into level 2 of the Abyss (skeletal warrior)
 57496 | Abyss:3  | Gained mutation: Your magical capacity is low. (-10% MP) [a
                  | neqoxec]
 57885 | Crypt:2  | Escaped the Abyss
 58332 | Crypt:3  | Entered Level 3 of the Crypt
 58744 | Crypt:3  | Reached skill level 15 in Fire Magic
 58983 | Crypt:3  | Identified the amulet of Atippudo {Reflect Fly Will+ Dex+4
                  | SH+5}
 59221 | Crypt:3  | Found the +7 sceptre of Torment {pain, torment}
 59358 | Crypt:3  | Found an ancient bone altar of Kikubaaqudgha.
 59456 | Crypt:3  | Gained mutation: You passively map a small area around you.
                  | [a neqoxec]
 59597 | Crypt:3  | Found a staircase to the Tomb.
 59597 | Crypt:3  | Noticed a dread lich
 59608 | Crypt:3  | Killed a dread lich
 59609 | Crypt:3  | Reached XP level 26. HP: 69/209 MP: 39/39
 60514 | Vaults:5 | Entered Level 5 of the Vaults
 60624 | Vaults:5 | Identified the ring of the Establishment {+Blink Fly rC+
                  | rN+ Dex-2}
 60784 | Vaults:5 | Noticed an ancient lich
 60887 | Vaults:4 | Killed an ancient lich
 60986 | Vaults:5 | Noticed Mennas
 60987 | Vaults:5 | Upgraded the game from 0.28-a0-384-g9e0c098162 to
                  | 0.28-a0-390-gb254ac4902
 61168 | Vaults:5 | Killed Mennas
 61225 | Vaults:5 | Reached XP level 27. HP: 177/217 MP: 39/39
 61271 | Vaults:5 | Identified the +11 scythe of Battle {vorpal, Int+4}
 61271 | Vaults:5 | Identified the amulet of Disaster {RegenMP -Tele rPois rN+}
 61830 | Vaults:5 | Got a silver rune of Zot
 61846 | Vaults:5 | Identified the +10 mace of the Eel {freeze, *Noise rF+
                  | Int+3}
 61852 | Vaults:5 | Got the Papyrus of Venom and Dark Rites
 62150 | Vaults:5 | Got the Papyrus of Ashen Transformation
 62155 | Vaults:5 | Identified the +4 ring mail of the Final Realms {Int+2}
 62731 | Depths:2 | Reached skill level 15 in Conjurations
 62731 | Depths:2 | Reached skill level 15 in Hexes
 62731 | Depths:2 | Reached skill level 15 in Summonings
 62731 | Depths:2 | Reached skill level 15 in Necromancy
 62731 | Depths:2 | Reached skill level 15 in Translocations
 62731 | Depths:2 | Reached skill level 15 in Transmutations
 62731 | Depths:2 | Reached skill level 15 in Air Magic
 62731 | Depths:2 | Reached skill level 15 in Earth Magic
 62731 | Depths:2 | Reached skill level 15 in Poison Magic
 62748 | Depths:2 | Noticed Nikola
 62767 | Depths:2 | Killed Nikola
 63230 | Depths:2 | Found a stormy altar of Qazlal.
 63260 | Depths:2 | Got the Disquisition on Transformation and Poison
 63268 | Depths:2 | Learned a level 6 spell: Statue Form
 63386 | Depths:3 | Found a one-way gate leading to the halls of Pandemonium.
 63738 | Depths:3 | Found a stormy altar of Qazlal.
 63890 | Depths:3 | Paralysed by a floating eye for 3 turns
 64246 | Depths:3 | Noticed a juggernaut
 64247 | Depths:3 | Found the +7 lajatang of Order {silver, rMut}
 64265 | Depths:3 | Killed a juggernaut
 64272 | Depths:3 | Identified the +8 battleaxe of Compound Interest {vorpal,
                  | rC+}
 64274 | Depths:3 | Identified the +7 battleaxe "Vecaa" {venom, rN+}
 64340 | Depths:3 | Found the +8 trident of the Octopus King {venom, rElec
                  | rPois Will+}
 65083 | Depths:4 | Found Elaesig's Antique Armour Shoppe.
 65125 | Depths:4 | Noticed Saint Roka
 65148 | Depths:4 | Killed Saint Roka
 66140 | Depths:5 | Entered Level 5 of the Depths
 66914 | Depths:5 | Found a gateway to a ziggurat.
 67076 | Depths:5 | Identified the ring "Leolisan" {*Corrode Fly rN+ Dex+5}
 67370 | Depths:5 | Found a gate to the Realm of Zot.
 67462 | Depths:5 | Identified the -5 kite shield of the Hurricane {Harm rC-
                  | rN+ Str+2}
 68004 | Zot:1    | Entered Level 1 of the Realm of Zot
 68566 | Depths:5 | Voluntarily entered the Abyss.
 68568 | Abyss:1  | Gained mutation: You are frail. (-10% HP) [a cacodemon]
 68741 | Abyss:1  | Noticed a dread lich
 68754 | Abyss:1  | Killed a dread lich
 68949 | Abyss:1  | Found a corrupted altar of Lugonu.
 69356 | Abyss:4  | Paralysed by accursed screaming for 1 turns
 69368 | Abyss:4  | Got an abyssal rune of Zot
 69373 | Depths:5 | Escaped the Abyss
 69828 | Lair:5   | Killed Gaergho's ghost
 69890 | Slime:1  | Entered Level 1 of the Pits of Slime
 70412 | Slime:5  | Entered Level 5 of the Pits of Slime
 70489 | Slime:5  | Noticed the Royal Jelly
 70626 | Slime:5  | Found a viscous altar of Jiyva.
 71037 | Slime:5  | Killed the Royal Jelly
 71437 | Slime:5  | Identified the +1 glaive of Red Absolution {drain, rC+}
 71449 | Slime:5  | Got the Grimoire of the Virous Blaze
 71512 | Slime:5  | Got a slimy rune of Zot
 71532 | Slime:5  | Identified the +11 dagger of a Hundred Wars {vorpal, Str+4
                  | Dex+8}
 71607 | Slime:5  | Lost mutation: Your magical capacity is low. (-10% MP)
                  | [potion of mutation]
 71607 | Slime:5  | Lost mutation: You are frail. (-10% HP) [potion of
                  | mutation]
 71607 | Slime:5  | Gained mutation: You are very weak. (Str -4) [potion of
                  | mutation]
 71607 | Slime:5  | Gained mutation: Your magical capacity is low. (-10% MP)
                  | [potion of mutation]
 71607 | Slime:5  | Gained mutation: You are partially covered in iridescent
                  | scales. (AC +2) [potion of mutation]
 71608 | Slime:5  | Lost mutation: You are partially covered in iridescent
                  | scales. (AC +2) [potion of mutation]
 71608 | Slime:5  | Lost mutation: You are very weak. (Str -4) [potion of
                  | mutation]
 71608 | Slime:5  | Lost mutation: You are weak. (Str -2) [potion of mutation]
 71608 | Slime:5  | Gained mutation: You are robust. (+10% HP) [potion of
                  | mutation]
 72209 | Zot:1    | Identified the ring of the Albatross {rElec Will+ Dex+4}
 72224 | Zot:1    | HP: 3/246 [golden dragon (33)]
 72224 | Zot:1    | Mangled by a golden dragon

Illustrated notes

Levels and vault maps discovered:
D:1:      minmay_arrival_stone_box, layout_loops_corners
D:2:      layout_basic, hellmonk_ecumenical_altar_arch_garden, serial_shops,
          shop_fountains, item_on_display_b
D:3:      layout_basic, mainiacjoe_overflow_brackets,
          mainiacjoe_overflow_concentric_impassable
D:4:      layout_basic, old_standard_altar, uniq_eustachio, uniq_natasha
D:5:      layout_basic, grunt_dithmenos_smoke, mainiacjoe_overflow_24_doors,
          nicolae_tso_swordbearing_angel, temple_statues, portal_sewer_entry_f,
          kennysheep_generic_room_4, uniq_sigmund
D:6:      layout_loops_cross, lemuel_round_altar, nicolae_inconvenience_store,
          uniq_pikel
D:7:      layout_rooms, mainiacjoe_overflow_large_starburst, serial_shops, shop,
          minivault_19, hangedman_decor_lopped
D:8:      layout_rooms, mainiacjoe_overflow_small_starburst, serial_shops, shop
D:9:      layout_irregular_city, dpeg_lair_monsters
D:10:     layout_stronghold, lemuel_tele_altar, demons_altar, serial_shops,
          nicolae_square_shop
D:11:     layout_grid_maze, special_room [special_room_orc]
D:12:     minmay_the_grid_triangle_9x9_recursive_3
          [minmay_the_grid_triangle_9x9_alien,
          minmay_the_grid_triangle_9x9_minimal,
          minmay_the_grid_triangle_9x9_stretched_checkered,
          minmay_the_grid_triangle_9x9_prize_special,
          minmay_the_grid_triangle_9x9_tough_junction,
          minmay_the_grid_triangle_9x9_steps,
          minmay_the_grid_triangle_9x9_cache,
          minmay_the_grid_triangle_9x9_skeleton,
          minmay_the_grid_triangle_9x9_corrupted_corridor], layout_basic,
          portal_ice_cave_demonic_guard
D:13:     layout_irregular_city, minivault_7
D:14:     kennysheep_snake, layout_basic, grunt_vaults_entry_fortified,
          gammafunk_ghost_abyssal_escape, okawaru_ov_weapons_minmay
D:15:     grunt_enter_depths_giant_problem, layout_long_grid,
          nicolae_two_hexagons, gammafunk_ghost_necromancy, uniq_roxanne
Lair:1:   layout_long_grid
Lair:2:   layout_layer_cave, minmay_shoals_entry_lonely_mermaid,
          spider_nest_entry_webs, gauntlet_entry_generic, columned_hall_lemuel,
          uniq_erica
Lair:3:   layout_roguey, minmay_stone_trees_small
Lair:4:   layout_misc_corridors, lemuel_fruit_tree
Lair:5:   layout_gridlike, gammafunk_ghost_ooze,
          eino_small_chamber_without_monster, lookout_lair_type,
          lemuel_fruit_fields, serial_bayou_shore_a, uniq_kirke
Lair:6:   hellmonk_lair_end_abyssal_woods, layout_regular_city,
          dpeg_slime_entry_enclosed_altar, chequers_serial_rivers_room_b
Shoals:1: layout_shoals, nicolae_shoals_circle_sea_wall, st_sunken_temple,
          uniq_frances
Shoals:2: layout_shoals, serial_shops, nicolae_diamond_shop
Shoals:3: layout_shoals, nicolae_shoals_kraken_intersection
Shoals:4: shoals_end_hangedman, layout_shoals, gammafunk_ghost_necromancy,
          nicolae_shop_firing_range
Spider:1: layout_spider_delve, uniq_asterion, uniq_rupert, uniq_aizul
Spider:2: layout_spider_delve, ebering_ghost_rock_garden
Spider:3: layout_spider_delve, nicolae_spider_bzzzt, uniq_louise,
          uniq_bai_suzhen, uniq_mara, uniq_arachne
Spider:4: grunt_spider_rune_circles, uniq_donald
Slime:1:  layout_caves
Slime:2:  layout_caves
Slime:3:  layout_caves
Slime:4:  layout_caves
Slime:5
Orc:1:    layout_caves, ebering_ghost_inner_flame
Orc:2:    st_orc_ogre_mass, layout_diamond_mine,
          gammafunk_ghost_berserking_beasts, basic_altar
Elf:1:    minmay_elf_arrival_circle, layout_loops_cross, minmay_elf_annihilation
Elf:2:    nicolae_elf_blades_splatter_lattice
          [nicolae_blade_entry_area_security], layout_loops_cross, basic_altar,
          serial_shops, nicolae_square_shop, statue_in_the_mist_lemuel,
          evilmike_spriggan_trog_shrine, minmay_shop_grove
Elf:3:    elf_hall, layout_rooms, serial_shops, shop, serial_sigils,
          serial_sigils_hangedman_gut, serial_sigils_hangedman_scratch,
          serial_sigils_hangedman_etch, serial_sigils_hangedman_shear
Vaults:1: st_octagons_1, nicolae_vaults_inception_scallops, vaults_room_octagon,
          v_misc_27, v_misc_25, vaults_dpeg_cross, v_rooms_1,
          layout_vaults_omnigrid, serial_shops, shop
Vaults:2: v_misc_26, dpeg_vaults_pockets_of_resistance, grunt_vaults_diagonal,
          nicolae_vaults_little_ls, grunt_vaults_funnel,
          ontoclasm_vaults_ring_square, ontoclasm_vaults_ring_square,
          nicolae_vaults_network_s, nicolae_vaults_little_squares_3,
          hangedman_vaults_cutoff, v_misc_9, nicolae_vaults_little_squares_4,
          hangedman_vaults_trim, ontoclasm_vaults_pinch,
          layout_vaults_maze_bifur, uniq_frederick
Vaults:3: ontoclasm_vaults_ring_large, grunt_vaults_trifunnel, vaults_dpeg_ring,
          nicolae_vaults_yaktaur_gun_rack, minmay_crypt_entry_simple_round,
          ontoclasm_vaults_ligature, vaults_dpeg_hooks, hangedman_vaults_unwind,
          v_misc_27, vaults_dpeg_diagonal, nicolae_vaults_gold_heap,
          layout_vaults_chaotic_city, serial_shops, nicolae_shop_behind_doors
Vaults:4: vaults_room_fours, ontoclasm_vaults_hangar,
          vaults_room_stairs_pillars, grunt_vaults_hallway_long, v_misc_27,
          v_misc_29, hangedman_vaults_corner, v_misc_27,
          hangedman_vaults_corner_blocks, ontoclasm_vaults_ring_large,
          nicolae_vaults_what_the_h, nicolae_vaults_theta,
          layout_vaults_omnibox, serial_shops, nicolae_shop_waterfront,
          nicolae_shop_crystal, shop_coins, nicolae_shop_overgrown_old_shop
Vaults:5: serial_shops, uniq_mennas
Crypt:1:  layout_basic, wad_floor_pattern_untrapped, minmay_misc_feat_alley,
          serial_sigils_hangedman_leer, beargit_elvish_explorers,
          grunt_crypt_arrival_guarded_gate
Crypt:2:  layout_rooms, uniq_boris
Crypt:3:  quadcrypt_mu
Depths:1: layout_cave_pools, minmay_misc_feat_diagonals,
          nicolae_abyss_entry_one_way_or_another, hell_entry,
          minmay_serpent_palace
Depths:2: regret_index_qazlal_generations, layout_basic, grunt_mini_vestibule,
          abyss_entry, nicolae_uskayaw_dance_hall, serial_bayou_lake_a,
          uniq_nikola
Depths:3: giant_chief_lemuel, layout_cave_pools, pan_entry, hellmouth_1,
          lemuel_statue_altar, lemuel_old_faithful, minmay_staircase_statues
Depths:4: kennysheep_ambush_hall, layout_basic, hangedman_tar_grid_catacomb,
          chequers_serial_rivers_large_a, serial_shops, shop,
          hangedman_abyss_entry_splay, uniq_saint_roka
Depths:5: lemuel_castle_with_subvaults [lemuel_castle_interior_carwin_1],
          layout_gridville, enter_ziggurat_e, hellmouth_3,
          marbit_kobold_abyss_entry, hex_tiny
Zot:1:    layout_onion_interference

Skill      XL: |  1  2  3  4  5  6  7  8  9 10 11 12 13 14 15 16 17 18 19 20 21 22 23 24 25 26 27 |
---------------+----------------------------------------------------------------------------------+-----
Invocations    | 1 2 3 4 5 6 8 9 10 11 12 13 14 15 16 17 18 20 | 20.5
Short Blades   | 1 2 4 5 7 8 9 10 11 12 13 14 15 17 18 19 22 | 22.3
Axes           | 1 2 4 5 7 8 9 10 11 12 13 14 15 16 17 19 | 19.1
Maces & Flails | 1 2 4 5 7 8 9 10 11 12 13 14 15 16 17 19 | 19.1
Polearms       | 1 2 4 5 7 8 9 10 11 12 13 14 15 17 18 19 22 | 22.3
Staves         | 1 2 4 5 7 8 9 10 11 12 13 14 15 16 17 19 | 19.1
Slings         | 1 2 4 5 7 8 9 10 11 12 13 14 15 16 17 19 | 19.1
Bows           | 1 2 4 5 7 8 9 10 11 12 13 14 15 16 17 19 | 19.1
Crossbows      | 1 2 4 5 7 8 9 10 11 12 13 14 15 16 17 19 | 19.1
Throwing       | 1 2 4 5 7 8 9 10 11 12 13 14 15 16 17 19 | 19.1
Armour         | 1 2 4 5 7 8 9 10 11 12 13 14 15 16 17 19 | 19.1
Dodging        | 1 2 4 5 7 8 9 10 11 12 13 14 15 16 17 19 | 19.1
Stealth        | 1 2 4 5 7 8 9 10 11 12 13 14 15 16 17 19 | 19.1
Shields        | 1 2 4 5 7 8 9 10 11 12 13 14 15 16 17 19 | 19.1
Unarmed Combat | 1 2 4 5 7 8 9 10 11 12 13 14 15 16 17 19 | 19.1
Evocations     | 1 2 4 5 7 8 9 10 11 12 13 14 15 16 17 19 | 19.1
Spellcasting   | 3 4 5 6 7 8 9 10 11 12 13 14 15 16 17 19 | 19.3
Conjurations   | 1 2 3 4 6 7 8 9 10 11 12 13 14 16 | 16.5
Hexes          | 1 2 3 4 6 7 8 9 10 11 12 13 14 16 | 16.5
Summonings     | 1 2 3 4 6 7 8 9 10 11 12 13 14 16 | 16.5
Necromancy     | 1 2 3 4 6 7 8 9 10 11 12 13 14 16 | 16.5
Translocations | 1 2 3 4 6 7 8 9 10 11 12 13 14 16 | 16.5
Transmutations | 1 2 3 4 6 7 8 9 10 11 12 13 14 16 | 16.5
Ice Magic      | 1 2 3 4 6 7 9 10 11 12 13 14 15 16 17 18 21 | 21.1
Air Magic      | 1 2 3 4 6 7 8 9 10 11 12 13 14 16 | 16.5
Earth Magic    | 1 2 3 4 6 7 8 9 10 11 12 13 14 16 | 16.5
Poison Magic   | 1 2 3 4 6 7 8 9 10 11 12 13 14 16 | 16.5
Fighting       | 7 8 9 10 11 12 13 14 15 16 17 18 19 | 19.9
Long Blades    | 7 8 9 10 11 12 13 14 15 16 17 18 19 | 19.9
Fire Magic     | 6 7 8 9 10 11 12 13 14 15 17 | 17.2

Action                   |  1- 3 |  4- 6 |  7- 9 | 10-12 | 13-15 | 16-18 | 19-21 | 22-24 | 25-27 || total
-------------------------+-------+-------+-------+-------+-------+-------+-------+-------+-------++-------
Melee: Falchion          |    92 |       |       |       |       |       |       |       |       ||    92
       Bite              |     8 |     8 |    60 |    82 |   201 |   255 |   207 |   247 |   699 ||  1767
       Short sword       |    28 |   168 |   456 |   479 |       |       |       |       |       ||  1131
       Punch             |       |     1 |       |       |       |       |       |       |       ||     1
       Whip              |       |       |    63 |   104 |       |       |       |       |       ||   167
       Dagger            |       |       |       |    30 |       |       |       |       |       ||    30
       Long sword        |       |       |       |    69 |   652 |       |       |       |       ||   721
       Scimitar          |       |       |       |       |   838 |  1411 |       |       |       ||  2249
       Demon whip        |       |       |       |       |       |   318 |       |       |       ||   318
       Morningstar       |       |       |       |       |       |   255 |  1370 |       |       ||  1625
       Eveningstar       |       |       |       |       |       |       |    19 |  1397 |  3098 ||  4514
Throw: Stone             |     1 |       |       |       |       |       |       |       |       ||     1
       Boomerang         |       |     7 |       |     6 |    75 |    86 |   117 |    11 |    78 ||   380
       Dart              |       |       |     4 |    30 |    31 |       |       |       |       ||    65
       Throwing net      |       |       |       |     1 |     1 |     1 |       |       |       ||     3
       Javelin           |       |       |       |       |     4 |       |    16 |    93 |   169 ||   282
 Cast: Manifold Assault  |       |       |       |       |       |       |     3 |       |       ||     3
       Olgreb's Toxic Ra |       |       |       |       |       |       |     1 |    24 |     8 ||    33
       Ignite Poison     |       |       |       |       |       |       |       |     9 |     1 ||    10
Evoke: Wand              |       |       |     8 |    15 |    44 |    52 |    34 |     1 |    18 ||   172
       Condenser vane    |       |       |       |       |     1 |     5 |     8 |     2 |    12 ||    28
       Lightning rod     |       |       |       |       |       |    12 |     5 |       |       ||    17
       Tin of tremorston |       |       |       |       |       |       |       |    13 |    28 ||    41
       Box of beasts     |       |       |       |       |       |       |       |     4 |     6 ||    10
       Phial of floods   |       |       |       |       |       |       |       |     1 |       ||     1
       Phantom mirror    |       |       |       |       |       |       |       |     1 |     8 ||     9
  Use: Scroll            |       |       |     5 |     7 |    15 |    11 |    23 |     3 |    19 ||    83
       Potion            |       |       |       |     4 |     6 |     7 |    15 |       |    14 ||    46
 Stab: Paralysed         |       |       |       |     3 |    22 |       |       |       |       ||    25
       Petrified         |       |       |       |       |    12 |       |       |       |       ||    12
       Distracted        |       |       |       |       |       |       |     1 |     1 |     5 ||     7
       Confused          |       |       |       |       |       |       |       |     1 |       ||     1
Armor: Robe              |     5 |       |       |       |     2 |       |       |       |       ||     7
       Leather armour    |    45 |       |       |       |       |       |       |       |       ||    45
       Plate armour      |       |   190 |   343 |   263 |   375 |   739 |   230 |   591 |   564 ||  3295
       Chain mail        |       |       |       |       |   110 |       |       |       |       ||   110
       Storm dragon scal |       |       |       |       |       |       |   315 |       |       ||   315
       Gold dragon scale |       |       |       |       |       |       |       |       |  1196 ||  1196
Dodge: Dodged            |    87 |    78 |    82 |   165 |   535 |  1032 |   755 |   461 |  1262 ||  4457
Block: Kite shield       |       |       |   333 |   401 |  1191 |  1847 |  1456 |   484 |       ||  5712
       Reflection        |       |       |       |     2 |    11 |    55 |    52 |   123 |    51 ||   294
       Buckler           |       |       |       |       |       |       |     6 |       |       ||     6
       Tower shield      |       |       |       |       |       |       |       |  1010 |  4167 ||  5177

Table legend: (Time is in decaauts)
 A = Elapsed time spent in this place.
 B = Non-inter-level travel time spent in this place.
 C = Inter-level travel time spent in this place.
 D = Time resting spent in this place.
 E = Time spent auto-exploring this place.
 F = Levels seen in this place.
 G = Mean time per level.
                   A        B        C        D        E       F      G
               +--------+--------+--------+--------+--------+-----+--------+
         Total |  71660 |  65948 |   5712 |   5080 |  39970 |  66 | 1085.8 |
       Dungeon |  21769 |  19370 |   2399 |   1379 |  12356 |  15 | 1451.3 |
          Lair |   7405 |   6228 |   1177 |    313 |   4300 |   6 | 1234.2 |
        Shoals |   4336 |   4107 |    229 |     63 |   2747 |   4 | 1084.0 |
   Spider Nest |   3944 |   3768 |    176 |    476 |   1814 |   4 |  986.0 |
    Slime Pits |   1684 |   1610 |     74 |    184 |    595 |   5 |  336.8 |
  Orcish Mines |   1824 |   1651 |    173 |     39 |    866 |   2 |  912.0 |
   Elven Halls |   2974 |   2772 |    202 |      9 |   1888 |   3 |  991.3 |
        Vaults |   8635 |   7996 |    639 |    671 |   5163 |   5 | 1727.0 |
         Crypt |   4547 |   4447 |    100 |    241 |   2750 |   3 | 1515.7 |
        Depths |   8525 |   7986 |    539 |    843 |   4605 |   5 | 1705.0 |
           Zot |    153 |    153 |      0 |      4 |      0 |   1 |  153.0 |
         Abyss |   2392 |   2392 |      0 |     71 |   1022 |  10 |  239.2 |
         Sewer |    317 |    317 |      0 |      0 |    141 |   1 |  317.0 |
      Ice Cave |   2326 |   2326 |      0 |    543 |   1387 |   1 | 2326.0 |
      Gauntlet |    823 |    823 |      0 |    241 |    333 |   1 |  823.0 |
               +--------+--------+--------+--------+--------+-----+--------+

Top non-repeatable levels by time:
    D:12: 2793 daAuts
Depths:5: 2485 daAuts
    D:14: 2446 daAuts
   IceCv: 2326 daAuts
Vaults:3: 2157 daAuts
    D:13: 2051 daAuts
 Crypt:3: 2041 daAuts
Vaults:4: 1979 daAuts
    D:11: 1949 daAuts
  Lair:2: 1944 daAuts
Depths:2: 1933 daAuts
    D:10: 1858 daAuts
 Crypt:1: 1851 daAuts
Vaults:1: 1715 daAuts
  Lair:6: 1437 daAuts
